 Dungeon Crawl Stone Soup version 0.32-a0-711-g016ad743e0 (webtiles) character file.

Game seed: 294496828786554967

1724 Griffin23 the Carver (level 8, 0/109 HPs)
             Began as a Minotaur Fighter on Mar 15, 2024.
             Was a Priest of the Shining One.
             Succumbed to a killer bee's poison
             ... on level 6 of the Dungeon.
             The game lasted 00:09:58 (5670 turns).

Griffin23 the Carver (Minotaur Fighter)             Turns: 5670, Time: 00:09:59

Health: 0/109      AC: 11    Str: 22    XL:     8   Next: 75%
Magic:  1/7        EV:  7    Int:  5    God:    the Shining One [***...]
Gold:   485        SH: 11    Dex: 11    Spells: 7/7 levels left

rFire   + + .        a - +0 long sword
rCold   . . .        c - +0 buckler
rNeg    + . .        A - +0 chain mail
rPois   +            (helmet restricted)
rElec   +            j - +0 cloak
rCorr   +            (no gloves)
SInv    .            (no boots)
Will    .....        f - amulet of guardian spirit Stlth
                     i - ring of fire
HPRegen 0.38/turn    (no ring)
MPRegen 0.10/turn

%: guardian spirit
@: berserking, lethally poisoned (0 -> -5), divinely shielded, resistant,
glowing, very quick
A: horns 2, retaliatory headbutt, hooves 1, MP-powered wands
a: Renounce Religion, Divine Shield, Cleansing Flame


You were on level 6 of the Dungeon.
You worshipped the Shining One.
The Shining One was most pleased with you.
You visited 1 branch of the dungeon, and saw 6 of its levels.
You also visited: Ossuary.

You collected 485 gold pieces.

Inventory:

Hand Weapons
 a - a +0 long sword (weapon)
 l - a +0 hammer
Armour
 b - a +0 scale mail
 c - a +0 buckler (worn)
 j - a +0 cloak (worn)
 A - a +0 chain mail (worn)
Jewellery
 f - an amulet of guardian spirit (around neck)
 i - a ring of fire (left hand)
Scrolls
 o - a scroll of poison {unknown}
 p - 2 scrolls of butterflies
 r - a scroll of enchant armour
 t - a scroll of immolation
 x - a scroll of vulnerability {unknown}
 y - a scroll of teleportation {unknown}
 z - 2 scrolls of enchant weapon {unknown}
 B - a scroll of revelation {unknown}
Potions
 d - a potion of might
 e - a potion of brilliance {unknown}
 g - a potion of magic {unknown}
 h - a potion of heal wounds {unknown}
 k - a potion of berserk rage
 m - 4 potions of resistance
 n - 2 potions of haste
 q - a potion of attraction {unknown}
 s - 2 potions of enlightenment (quivered) {unknown}
 u - a potion of ambrosia {unknown}
 v - a potion of cancellation {unknown}
 w - a potion of curing {unknown}


   Skills:
 + Level 7.0 Fighting
 * Level 8.9 Long Blades
 + Level 7.0 Armour
 + Level 7.0 Shields


You had 7 spell levels left.
You didn't know any spells.
Your spell library contained the following spells:

 Spells                   Type           Power      Damage    Failure   Level
 Apportation              Tloc           0%         N/A       98%         1
 Sandblast                Erth           0%         2d4       98%         1
 Jinxbite                 Hex            0%         N/A       99%         2
 Hailstorm                Conj/Ice       0%         3d5       100%        3
 Stone Arrow              Conj/Erth      0%         3d7       100%        3
 Summon Ice Beast         Ice/Summ       0%         N/A       100%        3
 Brom's Barrelling Bould  Conj/Erth      0%         2d3       100%        4
 Alistair's Intoxication  Alch           0%         N/A       100%        5
 Permafrost Eruption      Ice/Erth       0%         2x4d2     100%        6
 Sculpt Simulacrum        Ice/Alch       0%         N/A       100%        6


Dungeon Overview and Level Annotations

Branches:
Dungeon (6/15)             Temple (0/1) D:5         Ossuary (visited)

Altars:
Qazlal
The Shining One

Shops:
D:4 :


Innate Abilities, Weirdness & Mutations

You have a pair of horns on your head.
You reflexively headbutt those who attack you in melee.
You have large cloven feet.
You expend magic power (3 MP) to strengthen your wands.


Message History

* * * LOW HITPOINT WARNING * * *
You are more poisoned.
The killer bee poisons you! You block the killer bee's attack.
The kobold hits you but does no damage.
Your Fighting skill increases to level 7!
Your Shields skill increases to level 7!
It was a potion of resistance.
You feel protected.
You feel very sick. You block the killer bee's attack.
The killer bee stings you.
* * * LOW HITPOINT WARNING * * *
You block the kobold's attack.
A kobold brigand comes into view.
It is wielding a +0 dagger and quivering poisoned darts.
It was a potion of berserk rage.
A red film seems to cover your vision as you go berserk!
You feel yourself moving faster!
You feel mighty!
You feel sick.
The kobold brigand shouts!
The killer bee stings you.
* * * LOW HITPOINT WARNING * * *
The killer bee stings you but does no damage.
You block the kobold's attack.
You slash the kobold!
You kill the kobold!
* * * LOW HITPOINT WARNING * * *
You feel sick.
The killer bee stings you but does no damage.
The killer bee stings you.
* * * LOW HITPOINT WARNING * * *
Okay, then.
Unknown command.
Unknown command.
You are too berserk!
Okay, then.
You barely miss the killer bee.
The killer bee is severely wounded.
* * * LOW HITPOINT WARNING * * *
You feel sick. You block the killer bee's attack.
You miss the killer bee. You headbutt the killer bee.
You kill the killer bee!
You die...

#'###...######.#######
#.#.#.#...
........##...#...
.#..#.'###
.................#+# #
#.#.....
#...............#..
#.'##### #..##...##..#
##.########.......
#####...#
###..#..#....#.#..'#
## #....#
+.$............#....
.# #....#
#..............# ...
## #....#
#..@...........# ... #
##...#
#..)...........# ..
#...# #..............#
.. ##...#
#.####.##.##..##
#....## #. #.#####..#
#..<..# K. ..# ...
#.....# ... #.....#
... #.....#


You could see a kobold brigand.

Vanquished Creatures
  Maggie (D:6)
  Grinder (D:5)
  An ogre (D:5)
  A centaur (D:5)
  A phantom (D:4)
  An elf zombie (Ossuary)
  2 burial acolytes (Ossuary)
  5 killer bees (D:6)
  2 howler monkeys
  A centaur zombie (Ossuary)
  Crazy Yiuf (D:5)
  A human zombie (Ossuary)
  A scorpion zombie (D:6)
  4 iguanas
  4 orc wizards
  2 mummies (Ossuary)
  3 gnolls (D:5)
  8 adders
  A white imp (D:6)
  6 ufetubi
  2 adder zombies (Ossuary)
  A dart slug (D:4)
  3 ribbon worms
  16 orcs
  8 ball pythons
  6 endoplasms
  2 giant cockroaches (D:1)
  2 goblins
  9 hobgoblins
  3 jackals (D:1)
  A quokka (D:1)
  6 bats
  6 frilled lizards
  10 kobolds
  5 rats
  A spectral kobold (D:1)
128 creatures vanquished.

Notes
Turn   | Place    | Note
-------+----------+-------------------------------------------
     0 | D:1      | Griffin23 the Minotaur Fighter began the quest for the Orb.
     0 | D:1      | Reached XP level 1. HP: 19/19 MP: 0/0
    24 | D:1      | Found a faded altar of an unknown god.
    47 | D:1      | Prayed at the altar of an unknown god.
    47 | D:1      | Became a worshipper of the Shining One
    47 | D:1      | Reached * piety under the Shining One
   120 | D:1      | Reached XP level 2. HP: 27/27 MP: 1/1
   337 | D:1      | Reached skill level 3 in Long Blades
  1088 | D:2      | Reached XP level 3. HP: 33/33 MP: 2/2
  1150 | D:2      | Found a stormy altar of Qazlal.
  1855 | D:3      | Reached XP level 4. HP: 37/40 MP: 3/3
  1994 | D:3      | Reached ** piety under the Shining One
  2128 | D:3      | Reached skill level 4 in Long Blades
  2601 | D:4      | Found Uttihomp's Vocational Training.
  2691 | D:4      | Reached XP level 5. HP: 47/47 MP: 4/4
  3191 | D:4      | Noticed a phantom
  3206 | D:4      | Killed a phantom
  3207 | D:4      | Reached skill level 5 in Long Blades
  3207 | D:4      | Reached XP level 6. HP: 28/55 MP: 2/5
  3544 | D:5      | Entered Level 5 of the Dungeon
  3696 | D:5      | Reached skill level 5 in Fighting
  3696 | D:5      | Reached skill level 5 in Armour
  3696 | D:5      | Reached skill level 5 in Shields
  3965 | D:5      | Found a staircase to the Ecumenical Temple.
  4034 | D:5      | Reached skill level 6 in Long Blades
  4034 | D:5      | Reached XP level 7. HP: 36/61 MP: 6/6
  4300 | D:5      | Noticed Grinder
  4307 | D:5      | Paralysed by Grinder for 2 turns
  4310 | D:5      | Killed Grinder
  4716 | D:5      | Reached skill level 7 in Long Blades
  5017 | D:5      | Found a runed translucent door.
  5018 | D:5      | Noticed Crazy Yiuf
  5031 | D:5      | Killed Crazy Yiuf
  5059 | D:5      | Gained mutation: You expend magic power (3 MP) to
                  | strengthen your wands. [potion of mutation]
  5060 | D:5      | Lost mutation: You expend magic power (3 MP) to strengthen
                  | your wands. [potion of mutation]
  5060 | D:5      | Gained mutation: You expend magic power (3 MP) to
                  | strengthen your wands. [potion of mutation]
  5060 | D:5      | Gained mutation: You have large cloven feet. [potion of
                  | mutation]
  5296 | D:6      | Found a sand-covered staircase.
  5304 | Ossuary  | Entered an ossuary
  5304 | Ossuary  | Found a huge runed translucent gate.
  5304 | Ossuary  | Found a huge runed translucent gate.
  5304 | Ossuary  | Found a huge runed translucent gate.
  5304 | Ossuary  | Found a huge runed translucent gate.
  5304 | Ossuary  | Found a huge runed translucent gate.
  5304 | Ossuary  | Found a huge runed translucent gate.
  5304 | Ossuary  | Found a huge runed translucent gate.
  5304 | Ossuary  | Found a huge runed translucent gate.
  5305 | Ossuary  | Found a huge runed translucent gate.
  5305 | Ossuary  | Found a huge runed translucent gate.
  5305 | Ossuary  | Found a huge runed translucent gate.
  5306 | Ossuary  | Found a huge runed translucent gate.
  5306 | Ossuary  | Found a huge runed translucent gate.
  5308 | Ossuary  | Found a huge runed translucent gate.
  5308 | Ossuary  | Found a huge runed translucent gate.
  5311 | Ossuary  | Found a huge runed translucent gate.
  5311 | Ossuary  | Found a huge runed translucent gate.
  5311 | Ossuary  | Found a huge runed translucent gate.
  5311 | Ossuary  | Found a huge runed translucent gate.
  5311 | Ossuary  | Found a huge runed translucent gate.
  5316 | Ossuary  | Found a huge runed translucent gate.
  5316 | Ossuary  | Found a huge runed translucent gate.
  5318 | Ossuary  | Found a huge runed translucent gate.
  5318 | Ossuary  | Found a huge runed translucent gate.
  5319 | Ossuary  | Found a huge runed translucent gate.
  5319 | Ossuary  | Found a huge runed translucent gate.
  5320 | Ossuary  | Found a huge runed translucent gate.
  5320 | Ossuary  | Found a huge runed translucent gate.
  5325 | Ossuary  | Found a huge runed translucent gate.
  5325 | Ossuary  | Found a huge runed translucent gate.
  5334 | Ossuary  | Found a huge runed translucent gate.
  5334 | Ossuary  | Found a huge runed translucent gate.
  5334 | Ossuary  | Found a huge runed translucent gate.
  5334 | Ossuary  | Found a huge runed translucent gate.
  5334 | Ossuary  | Found a huge runed translucent gate.
  5352 | Ossuary  | Reached XP level 8. HP: 69/70 MP: 5/7
  5354 | Ossuary  | Reached *** piety under the Shining One
  5539 | D:6      | Noticed Maggie
  5556 | D:6      | Killed Maggie
  5557 | D:6      | Reached skill level 8 in Long Blades
  5668 | D:6      | HP: 5/109 [poisoned by a killer bee]
  5668 | D:6      | HP: 2/109 [killer bee (3)]
  5670 | D:6      | Succumbed to a killer bee's poison

Illustrated notes

Levels and vault maps discovered:
D:1:      tarquinn_simple_flora_water_f, layout_basic,
          dreamdust_ecumenical_altar_drowned_temple, serial_bayou_lagoon_a,
          dk_noncrumbling_3, minmay_stone_trees_medium
D:2:      layout_basic, basic_altar, serial_glass, glass_columns_a,
          glass_columns_c
D:3:      layout_basic, eino_tiny_chamber, st_stairs_12, serial_bayou_lake_a
D:4:      layout_basic, nicolae_shop_vocational
D:5:      layout_basic, minmay_temple_entry_nine_rooms, uniq_grinder,
          uniq_crazy_yiuf_cottage
D:6:      layout_gridville, bloody_makhleb,
          mainiacjoe_ossuary_entry_find_the_door, nrook_loot_triangle,
          eino_tiny_chamber, minivault_11, uniq_edmund, uniq_maggie,
          uniq_blork_the_orc

Skill      XL: |  1  2  3  4  5  6  7  8 |
---------------+-------------------------+-----
Long Blades    | 3 4 5 6 7 8 |  8.9
Fighting       | 4 5 6 7 |  7.0
Shields        | 4 5 6 7 |  7.0
Armour         | 4 5 6 7 |  7.0

Action                     |  1- 3 |  4- 6 |  7- 9 || total
---------------------------+-------+-------+-------++-------
  Melee: Long sword        |   108 |   113 |   134 ||   355
         Headbutt          |    21 |    27 |    39 ||    87
         Kick              |       |       |    36 ||    36
 Invoke: Divine Shield     |       |     2 |     2 ||     4
    Use: Scroll            |       |       |     5 ||     5
         Potion            |       |       |     5 ||     5
 Armour: Scale mail        |    59 |   101 |    42 ||   202
         Chain mail        |       |       |    68 ||    68
  Dodge: Dodged            |    37 |    42 |    48 ||   127
  Block: Buckler           |    15 |    34 |    43 ||    92

Table legend: (Time is in decaauts)
 A = Elapsed time spent in this place.
 B = Non-inter-level travel time spent in this place.
 C = Inter-level travel time spent in this place.
 D = Time resting spent in this place.
 E = Time spent auto-exploring this place.
 F = Levels seen in this place.
 G = Mean time per level.
                   A        B        C        D        E       F      G
               +--------+--------+--------+--------+--------+-----+--------+
         Total |   5763 |   5491 |    272 |    428 |   4172 |   7 |  823.3 |
       Dungeon |   5553 |   5281 |    272 |    428 |   4067 |   6 |  925.5 |
       Ossuary |    210 |    210 |      0 |      0 |    105 |   1 |  210.0 |
               +--------+--------+--------+--------+--------+-----+--------+

Top non-repeatable levels by time:
     D:5: 1559 daAuts
     D:1: 1072 daAuts
     D:4: 951 daAuts
     D:3: 934 daAuts
     D:2: 670 daAuts
     D:6: 366 daAuts
 Ossuary: 210 daAuts
